 Dungeon Crawl Stone Soup version 0.31.0-12-g77e489cdc1 (webtiles) character file.

Game seed: 9364130488126714257

18195 Aneyh the Warrior (level 12, -6/82 HPs)
             Began as a Tengu Monk on Feb 16, 2024.
             Was a High Priest of Hepliaklqana.
             Mangled by a skeletal warrior
             ... wielding a +0 glaive
              (26 damage)
             ... on level 12 of the Dungeon.
             The game lasted 00:27:14 (12787 turns).

Aneyh the Warrior (Tengu Monk)                     Turns: 12787, Time: 00:27:15

Health: -6/82      AC: 12    Str: 12    XL:     12   Next: 56%
Magic:  0/13       EV: 33    Int: 10    God:    Hepliaklqana [*****.]
Gold:   724        SH:  0    Dex: 22    Spells: 5/11 levels left

rFire   . . .        a - +3 great sword
rCold   . . .        (shield currently unavailable)
rNeg    . . .        B - +0 steam dragon scales
rPois   .            T - +1 hat
rElec   .            u - +0 cloak
rCorr   .            t - +0 pair of gloves
SInv    .            (boots unavailable)
Will    .....        R - amulet of guardian spirit
Stlth   ++           o - +4 ring of slaying
HPRegen 0.33/turn    H - +4 ring of protection
MPRegen 0.13/turn

%: acrobat, guardian spirit
@: acrobatic, flying
A: reduced essence, beak, talons 3, evasive flight, acrobatic
a: Renounce Religion, Recall Ancestor, Ancestor Identity, Transference, Idealise


You were on level 12 of the Dungeon.
You worshipped Hepliaklqana.
Hepliaklqana was extremely pleased with you.
You visited 3 branches of the dungeon, and saw 15 of its levels.

You collected 724 gold pieces.

Inventory:

Hand Weapons
 a - a +3 great sword (weapon)
 b - a +0 orcbow of flaming
 l - a +0 short sword of protection
 w - a +0 trident
 E - a +0 dire flail
 G - a +3 heavy mace
 I - a +0 halberd
 K - a +0 war axe
 L - a +4 orcbow
 Q - a +5 falchion
 V - a +0 spear of freezing
Armour
 d - an orb of light
 e - the orb "Kyan" {*Rage, rC+ Air}
   (You found it on level 9 of the Dungeon)

   rC+:       It protects you from cold.
   Air:       It increases the power of your Air spells.
 t - a +0 pair of gloves (worn)
 u - a +0 cloak (worn)
 B - +0 steam dragon scales (worn)
 T - a +1 hat (worn)
 Y - +0 acid dragon scales
Jewellery
 o - a +4 ring of slaying (left hand)
 H - a +4 ring of protection (right hand)
 R - an amulet of guardian spirit (around neck)
Wands
 C - a wand of flame (44)
 P - a wand of iceblast (4)
 W - a wand of digging (10)
Scrolls
 g - 10 scrolls of teleportation
 j - 3 scrolls of torment {unknown}
 m - 2 scrolls of blinking
 n - 3 scrolls of fog {unknown}
 q - 4 scrolls of fear {unknown}
 s - 2 scrolls of enchant armour {unknown}
 y - 3 scrolls of poison {unknown}
 z - a scroll of summoning
 F - 3 scrolls of revelation
 J - a scroll of brand weapon {unknown}
 M - 5 scrolls of vulnerability {unknown}
 N - a scroll of noise
 U - a scroll of amnesia {unknown}
 X - a scroll of silence {unknown}
Potions
 c - 5 potions of ambrosia
 f - 4 potions of brilliance
 h - a potion of enlightenment {unknown}
 i - 3 potions of heal wounds
 k - 2 potions of mutation {unknown}
 p - a potion of lignification {unknown}
 r - 2 potions of haste {unknown}
 v - a potion of invisibility {unknown}
 A - 2 potions of cancellation {unknown}
 D - 4 potions of curing {unknown}
 S - 2 potions of might {unknown}
 Z - 2 potions of attraction {unknown}


   Skills:
 + Level 18.2 Fighting
 * Level 8.2 Long Blades
 - Level 4.0 Dodging
 * Level 5.9 Summonings


You had 5 spell levels left.
You knew the following spells:

 Your Spells              Type           Power      Damage    Failure   Level
a - Call Imp              Summ           22%        N/A       4%          2
b - Summon Lightning Spi  Summ/Air       5%         N/A       75%         4

Your spell library contained the following spells:

 Spells                   Type           Power      Damage    Failure   Level
 Magic Dart               Conj           0%         1d3       36%         1
 Blink                    Tloc           0%         N/A       50%         2
 Ensorcelled Hibernation  Hex/Ice        0%         N/A       50%         2
 Static Discharge         Conj/Air       0%         3-3/arc   50%         2
 Fugue of the Fallen      Necr           0%         N/A       75%         3
 Tukima's Dance           Hex            0%         N/A       75%         3
 Airstrike                Air            0%         2d(0-16)  98%         4
 Anguish                  Hex/Necr       0%         N/A       98%         4
 Dimensional Bullseye     Hex/Tloc       0%         N/A       98%         4
 Iskenderun's Mystic Bla  Conj/Tloc      0%         2d3       98%         4


Dungeon Overview and Level Annotations

Branches:
Dungeon (13/15)            Temple (1/1) D:4            Lair (0/5) D:9
    Orc (1/2) D:12         Vaults (0/5) D:13

Altars:
Ashenzari
Cheibriados
Dithmenos
Elyvilon
Fedhas
Gozag
Hepliaklqana
Kikubaaqudgha
Makhleb
Nemelex Xobeh
Okawaru
Qazlal
Ru
Sif Muna
Trog
Uskayaw
Vehumet
Wu Jian
Xom
Yredelemnul
Zin
The Shining One
Jiyva

Shops:
D:11 ?

Annotations:
D:8 3 runed translucent doors, Biggs's ghost, novice TrFi
D:13 Rupert; Urug
Orc:1 Sonja


Innate Abilities, Weirdness & Mutations

Your life essence is reduced to manifest your ancestor. (-10% HP)
You have a beak for a mouth.
You have claws for feet.
Your magical flight helps you evade attacks. (EV +4)
You can magically evade attacks while moving or waiting.


Message History

You swap places.
The skeletal warrior completely misses you.
A tiny devil pulls itself out of the air.
The skeletal warrior hits you from afar with a +0 glaive!
You swap places.
The skeletal warrior closely misses you.
Your cerulean imp hits the skeletal warrior but does no damage.
You slash the skeletal warrior! You claw the skeletal warrior.
The skeletal warrior is moderately damaged.
The skeletal warrior closely misses you.
Your cerulean imp barely misses the skeletal warrior.
You barely miss the skeletal warrior.
You claw the skeletal warrior, but do no damage.
The skeletal warrior is moderately damaged.
The skeletal warrior hits you with a +0 glaive!
Your cerulean imp hits the skeletal warrior but does no damage.
You slash the skeletal warrior! Your kick misses the skeletal warrior.
You peck the skeletal warrior.
The skeletal warrior is heavily damaged.
The skeletal warrior hits you with a +0 glaive!
The skeletal warrior completely misses you.
You slash the skeletal warrior! You peck the skeletal warrior.
The skeletal warrior is severely damaged.
The skeletal warrior hits you with a +0 glaive!
You hit the skeletal warrior. Your kick misses the skeletal warrior.
The skeletal warrior is severely damaged.
The skeletal warrior completely misses you.
You closely miss the skeletal warrior. Your kick misses the skeletal warrior.
The skeletal warrior is severely damaged.
The skeletal warrior hits you with a +0 glaive!!
You closely miss the skeletal warrior. Your kick misses the skeletal warrior.
You peck the skeletal warrior, but do no damage.
The skeletal warrior is severely damaged.
The skeletal warrior hits you with a +0 glaive!
* * * LOW HITPOINT WARNING * * *
The skeletal warrior hits you with a +0 glaive.
* * * LOW HITPOINT WARNING * * *
You swap places.
The skeletal warrior hits you from afar with a +0 glaive!!
You die...

###...#R# ...##..## #
#### .#....#.#
#####'#### #...
#.#..##.# #....<...#
##'## .###.#.#######
#........###...)
#......(..##.#
###........#.'.).)
###..##....#.#
#.z........#.#...)
..#.# #..#...#
#R#........#.#....
###.
######.###@#........'
#.... #
#######.##.5#.....z..#
###'#
#......>'..##.....([.#
#.z
#.......#####....(...#
### ##'######
#######'## # #..# ###
#######.### #..
..........# ###$.
..........##z....


You could see the friendly Cuahtemoc the knight, a skeletal warrior (ally
target) and a friendly cerulean imp (summoned).

Vanquished Creatures
  3 two-headed ogres
  A nameless horror (D:12)
  2 skeletal warriors
  A manticore (D:11)
  3 ugly things
  An unseen horror (D:12)
  A komodo dragon (D:11)
  A queen bee (D:9)
  2 trolls (D:12)
  5 slime creatures (D:12)
  3 shadows
  3 wraiths
  2 wyverns
  11 yaks
  7 vampire mosquitoes (D:11)
  4 steam dragons
  3 orc warriors
  An ogre (D:5)
  9 centaurs
  A kobold brigand (D:9)
  A phantom (D:7)
  2 bullfrogs
  3 wights (D:9)
  A troll zombie (D:12)
  18 killer bees
  A howler monkey (D:5)
  3 bombardier beetles
  3 jellies
  4 orc priests
  2 iguanas
  14 orc wizards
  4 ogre zombies (D:12)
  Robin (D:4)
  6 adders
  6 gnolls
  3 shadow imps
  2 white imps (D:6)
  2 dart slugs (D:1)
  2 ribbon worms
  36 orcs
  5 ball pythons
  2 bats
  6 endoplasms
  3 giant cockroaches
  3 gnoll zombies (D:12)
  10 goblins
  7 hobgoblins
  4 jackals (D:2)
  5 quokkas
  A frilled lizard (D:1)
  2 gnoll skeletons (D:12)
  10 kobolds
  5 orc skeletons (D:12)
  6 orc zombies (D:12)
  3 rats
250 creatures vanquished.

Vanquished Creatures (collateral kills)
  Erolcha (D:10)
  A catoblepas (D:10)
  A deep elf pyromancer (D:12)
  A cyclops (D:12)
  Psyche (D:11)
  A shadow (D:12)
  2 wraiths (D:11)
  A wyvern (D:5)
  3 yaks
  A human (shapeshifter) (D:8)
  2 acid dragons
  An ogre (D:4)
  2 orc warriors
  A kobold brigand (D:8)
  A bullfrog (D:7)
  A wight (D:9)
  2 killer bees
  A howler monkey (D:9)
  A hound (D:5)
  An orc priest (D:6)
  An orc wizard (D:12)
  An ogre zombie (D:12)
  A gnoll (D:6)
  An adder (D:6)
  A ribbon worm (D:4)
  9 orcs
  A gnoll zombie (D:12)
  3 goblins (D:4)
  2 kobolds
  An orc skeleton (D:12)
47 creatures vanquished.

Vanquished Creatures (others)
  4 knights
  A gnoll skeleton (D:12)
5 creatures vanquished.

Grand Total: 302 creatures vanquished

Notes
Turn   | Place    | Note
-------+----------+-------------------------------------------
     0 | D:1      | Aneyh the Tengu Monk began the quest for the Orb.
     0 | D:1      | Reached XP level 1. HP: 14/14 MP: 2/2
   270 | D:1      | Reached XP level 2. HP: 19/19 MP: 3/3
   844 | D:2      | Reached XP level 3. HP: 23/23 MP: 4/4
  1074 | D:2      | Reached skill level 5 in Long Blades
  1214 | D:2      | Reached XP level 4. HP: 28/28 MP: 5/5
  1852 | D:3      | Reached skill level 4 in Fighting
  2233 | D:3      | Reached XP level 5. HP: 33/33 MP: 6/6
  2649 | D:4      | Reached skill level 5 in Fighting
  2735 | D:4      | Learned a level 2 spell: Call Imp
  2771 | D:4      | Found a staircase to the Ecumenical Temple.
  2772 | D:4      | Noticed a steam dragon
  2777 | D:4      | Killed a steam dragon
  2778 | D:4      | Reached XP level 6. HP: 18/41 MP: 7/7
  2791 | Temple   | Entered the Ecumenical Temple
  2798 | Temple   | Became a worshipper of Hepliaklqana the Forgotten
  2798 | Temple   | Reached * piety under Hepliaklqana
  2798 | Temple   | Reached ** piety under Hepliaklqana
  2801 | Temple   | Remembered your ancestor Cuahtemoc as a knight
  2885 | D:4      | Reached skill level 6 in Fighting
  3013 | D:4      | Noticed Robin
  3024 | D:4      | Killed Robin
  3025 | D:4      | Gained mutation: Your magical flight helps you evade
                  | attacks. (EV +4) [Tengu growth]
  3025 | D:4      | Reached XP level 7. HP: 35/41 MP: 5/8
  3290 | D:4      | Found a glowing golden altar of the Shining One.
  3638 | D:5      | Entered Level 5 of the Dungeon
  3639 | D:5      | Noticed a wyvern
  3730 | D:5      | Reached skill level 7 in Fighting
  3946 | D:5      | Found an ancient bone altar of Kikubaaqudgha.
  4152 | D:5      | Killed a wyvern
  4153 | D:5      | Reached skill level 8 in Fighting
  4209 | D:5      | Reached XP level 8. HP: 48/48 MP: 9/9
  4729 | D:6      | Reached *** piety under Hepliaklqana
  4735 | D:6      | Reached skill level 9 in Fighting
  4826 | D:6      | Found a white marble altar of Elyvilon.
  5405 | D:7      | Reached skill level 10 in Fighting
  5523 | D:7      | Noticed a wyvern
  5529 | D:7      | Killed a wyvern
  5530 | D:7      | Reached XP level 9. HP: 37/56 MP: 10/10
  5740 | D:7      | Reached **** piety under Hepliaklqana
  6087 | D:7      | Found a snail-covered altar of Cheibriados.
  6148 | D:8      | Reached skill level 11 in Fighting
  6515 | D:8      | Found a runed translucent gate.
  6515 | D:8      | Found a runed translucent gate.
  6515 | D:8      | Found a runed translucent gate.
  6572 | D:8      | Noticed Biggs's ghost (novice TrFi)
  6705 | D:8      | Found a viscous altar of Jiyva.
  6734 | D:9      | Noticed a white ugly thing
  6744 | D:9      | Killed a white ugly thing
  6745 | D:9      | Reached skill level 12 in Fighting
  6845 | D:9      | Found a staircase to the Lair.
  6866 | D:9      | Noticed a two-headed ogre
  6873 | D:9      | Killed a two-headed ogre
  6874 | D:9      | Reached skill level 13 in Fighting
  6874 | D:9      | Reached XP level 10. HP: 65/65 MP: 11/11
  6908 | D:9      | Identified the orb "Kyan" {*Rage, rC+ Air}
  6992 | D:9      | Reached skill level 14 in Fighting
  7078 | D:9      | Found a blossoming altar of Fedhas.
  7353 | D:9      | Reached skill level 15 in Fighting
  7455 | D:9      | Found a burning altar of Makhleb.
  7676 | D:9      | Reached XP level 11. HP: 15/73 MP: 12/12
  8132 | D:9      | Noticed a cacodemon
  8375 | D:10     | Entered Level 10 of the Dungeon
  8492 | D:10     | Reached ***** piety under Hepliaklqana
  8531 | D:10     | Noticed a two-headed ogre
  8536 | D:10     | Killed a two-headed ogre
  8537 | D:10     | Reached skill level 16 in Fighting
  8568 | D:10     | Noticed Erolcha
  8581 | D:10     | Killed Erolcha
  9119 | D:10     | Noticed a catoblepas
  9134 | D:10     | Killed a catoblepas
  9273 | D:10     | Found a shimmering blue altar of Sif Muna.
  9352 | D:10     | Learned a level 4 spell: Summon Lightning Spire
  9557 | D:11     | Found Keckyt's Magic Scroll Boutique.
  9601 | D:11     | Noticed Psyche
  9608 | D:11     | Killed Psyche
  9609 | D:11     | Reached skill level 17 in Fighting
  9960 | D:11     | Noticed a two-headed ogre
  9967 | D:11     | Killed a two-headed ogre
 10129 | D:11     | Noticed a manticore
 10138 | D:11     | Killed a manticore
 10538 | D:12     | Noticed a skeletal warrior
 10538 | D:12     | Noticed a skeletal warrior
 10540 | D:12     | Noticed a skeletal warrior
 10648 | D:12     | Noticed a deep elf pyromancer
 10677 | D:12     | Killed a deep elf pyromancer
 10937 | D:12     | Reached XP level 12. HP: 82/82 MP: 13/13
 10972 | D:12     | Found a staircase to the Orcish Mines.
 11110 | D:12     | Reached skill level 5 in Summonings
 11285 | D:12     | Reached skill level 18 in Fighting
 11638 | D:13     | Noticed a catoblepas
 11638 | D:13     | Noticed Rupert
 11638 | D:13     | Noticed a centaur warrior
 11638 | D:13     | Noticed Urug
 11638 | D:13     | Found a gate to the Vaults.
 11990 | Orc:1    | Entered Level 1 of the Orcish Mines
 11991 | Orc:1    | Noticed a nameless horror
 11999 | D:12     | Killed a nameless horror
 12097 | Orc:1    | Noticed Sonja
 12787 | D:12     | Mangled by a skeletal warrior

Illustrated notes

Levels and vault maps discovered:
D:1:      dpeg_arrival_three_same_balls, layout_basic
D:2:      layout_basic
D:3:      layout_basic
D:4:      layout_loops_ring, kennysheep_mini, minmay_temple_entry_offerings,
          minmay_distorted, uniq_robin
D:5:      wander_river, layout_basic, lemuel_doored_altar, minivault_4
D:6:      layout_basic, nicolae_overflow_crystal_walls
D:7:      layout_basic, slow_altar_2
D:8:      layout_cave_pools, gammafunk_ghost_ooze, minmay_misc_feat_rugged,
          hangedman_decor_growths, minmay_misc_feat_cross
D:9:      layout_loops_ring, mainiacjoe_overflow_alcove_1,
          makhleb_altar_promises_db, lair_entry_dummy, minivault_7
D:10:     layout_cave_pods, general_overflow_altar, uniq_erolcha
D:11:     layout_loops_corners, serial_shops, shop, library_closet,
          minmay_crystal_room, uniq_psyche
D:12:     layout_roguey, zombieorc1_lemuel
D:13:     layout_irregular_city, david_vaults_3, portal_ice_cave_entry_imps,
          minivault_11, kennysheep_opposing_triangles, uniq_frances
Temple:   nicolae_temple_superstar
Orc:1:    layout_caves, serial_shops, shop, shop, statue_in_the_mist_lemuel,
          mines2_david, uniq_sonja

Skill      XL: |  1  2  3  4  5  6  7  8  9 10 11 12 |
---------------+-------------------------------------+-----
Long Blades    | 4 5 8 |  8.2
Fighting       | 4 5 6 8 10 13 15 17 18 | 18.2
Summonings     | 2 3 4 5 |  5.9
Dodging        | 4 |  4.0

Action                     |  1- 3 |  4- 6 |  7- 9 | 10-12 || total
---------------------------+-------+-------+-------+-------++-------
  Melee: Falchion          |    68 |    40 |       |   115 ||   223
         Kick              |    12 |    13 |    52 |    89 ||   166
         Peck              |    10 |     8 |    23 |    61 ||   102
         Punch             |     1 |     1 |     1 |     1 ||     4
         Short sword       |       |    11 |   116 |    20 ||   147
         Spear             |       |     1 |       |     2 ||     3
         Halberd           |       |       |       |    11 ||    11
         Great sword       |       |       |       |    98 ||    98
   Fire: Orcbow            |       |       |    76 |   163 ||   239
   Cast: Call Imp          |       |     1 |     3 |     9 ||    13
 Invoke: Ancestor Life: Kn |       |     1 |       |       ||     1
         Recall Ancestor   |       |       |     2 |     6 ||     8
    Use: Scroll            |       |       |     7 |     3 ||    10
         Potion            |       |       |       |     2 ||     2
   Stab: Sleeping          |     3 |     1 |       |       ||     4
         Distracted        |       |       |       |     2 ||     2
 Armour: Robe              |    21 |    21 |       |       ||    42
         Steam dragon scal |       |     6 |    38 |   185 ||   229
  Dodge: Dodged            |    41 |    29 |   103 |   306 ||   479
